 Dungeon Crawl Stone Soup version 0.27.0-1-g7a089689b8 (webtiles) character file.

Game seed: 2711832021591792556

25 Dann the Magician (level 3, 25/25 HPs)
             Began as a Djinni Hedge Wizard on Aug 9, 2021.
             Got out of the dungeon alive.
             The game lasted 00:05:12 (1345 turns).

Dann the Magician (Djinni Hedge Wizard)             Turns: 1345, Time: 00:05:12

Health: 25/25      AC:  2    Str:  9    XL:     3   Next: 20%
Gold:   66         EV: 12    Int: 16    God:
                   SH:  0    Dex: 12

rFire    + + .     SeeInvis .   a - +0 dagger
rCold    x . .     Faith    .   (no shield)
rNeg     . . .     Spirit   .   b - +0 robe
rPois    ∞         Reflect  .   c - +0 hat
rElec    .         Harm     .   (no cloak)
rCorr    .         Rampage  .   (no gloves)
Will     .....                  (boots unavailable)
Stlth    ++........             (no amulet)
HPRegen  0.08/turn              (no ring)
MPRegen  0.00/turn              (no ring)

@: flying
A: sickness immunity, fire resistance 2, cold vulnerability 1, float, innate
caster, hp casting, extra vitality 1
a: no special abilities


You escaped.
You visited 1 branch of the dungeon, and saw 1 of its levels.

You collected 66 gold pieces.

Inventory:

Hand Weapons
 a - a +0 dagger (weapon)
Armour
 b - a +0 robe (worn)
 c - a +0 hat (worn)
Scrolls
 d - a scroll of identify {unknown}
 e - 2 scrolls of vulnerability {unknown}
 g - a scroll of teleportation {unknown}
Potions
 f - a potion of might {unknown}


   Skills:
 + Level 0.1 Fighting
 + Level 2.2 Dodging
 + Level 2.0 Stealth
 + Level 3.0 Spellcasting


You couldn't memorise any spells.
You knew the following spells:

 Your Spells              Type           Power      Damage    Failure   Level
a - Magic Dart            Conj           48%        1d5       5%          1
b - Blink                 Tloc           N/A        N/A       9%          2
c - Call Imp              Summ           12%        N/A       9%          2
d - Slow                  Hex            12%        N/A       9%          2
e - Conjure Flame         Conj/Fire      12%        6-21      16%         3
f - Mephitic Cloud        Conj/Pois/Air  12%        N/A       16%         3
g - Shock                 Conj/Air       48%        1d6       5%          1
Your spell library was empty.

Dungeon Overview and Level Annotations

Branches:
Dungeon (1/15)

Altars:


Innate Abilities, Weirdness & Mutations

You are immune to sickness and miasma.
You are immune to poison.
Your flesh is very heat resistant. (rF++)
You are vulnerable to cold. (rC-)
You float through the air rather than walking.
You learn spells naturally, not from books.
Your magical power is your life essence.
You have superior vitality. (+4 HP)


Message History

Aiming: Magic Dart (safe; 5% risk of failure)
Press: ? - help, Shift-Dir - straight line, f - goblin
Aim: a goblin, wielding a +0 dagger (asleep, 100% to hit)
The magic dart hits the goblin.
You kill the goblin!
The goblin shouts!
Casting: Magic Dart (safe; 5% risk of failure)
Confirm with . or Enter, or press ? or * to list all spells.
Aiming: Magic Dart (safe; 5% risk of failure)
Press: ? - help, Shift-Dir - straight line, f - goblin
Aim: a goblin, wielding a +0 dagger (100% to hit)
The magic dart hits the goblin.
You kill the goblin!
Things that are here:
a +0 dagger; a +0 dagger; a goblin corpse
g - a scroll labelled BUOTUFR REEMAMM
Things that are here:
a +0 dagger; a +0 dagger; a goblin corpse Done exploring.
Done exploring.
Done exploring.
Done exploring.
Done exploring.
Done exploring.
Welcome back, Dann the Djinni Hedge Wizard.
Press ? for a list of commands and other information.
Welcome back, Dann the Djinni Hedge Wizard.
Press ? for a list of commands and other information.
Welcome back, Dann the Djinni Hedge Wizard.
Press ? for a list of commands and other information.
Welcome back, Dann the Djinni Hedge Wizard.
Press ? for a list of commands and other information.
Unknown command.
Unknown command.
There is a large open door here.
There is a staircase leading out of the dungeon here.
Are you sure you want to leave the Dungeon?
This will make you lose the game! [Y]es or [N]o only, please.
Are you sure you want to leave the Dungeon?
This will make you lose the game!
You have escaped!

######...###.........##
#.........##......)..##
#...(.....##....)....##
#≈≈≈≈§§≈≈≈≈#.........#.
#≈8≈≈≈§≈≈8≈..###..##.#.
#≈≈8≈≈≈≈8≈≈............
#≈≈≈#''#≈≈≈#####......#
#≈≈≈#..#≈≈≈# #......#
#≈≈≈#.@#≈≈≈# #.......
#≈≈≈####≈≈≈# #.......
#≈≈8≈§§≈8≈≈# #.....#.
#≈8≈≈≈§§≈8≈# #.......
#≈≈≈≈§≈≈§≈≈# ###....#
####..###### #...##
##......# ##..##
######.#### #....
#....#####.###


There were no monsters in sight!

Vanquished Creatures
  A dart slug (D:1)
  2 endoplasms (D:1)
  A giant cockroach (D:1)
  4 goblins (D:1)
  3 hobgoblins (D:1)
  3 kobolds (D:1)
  2 ball pythons (D:1)
  4 bats (D:1)
  A frilled lizard (D:1)
  A rat (D:1)
22 creatures vanquished.

Notes
Turn   | Place    | Note
-------+----------+-------------------------------------------
     0 | D:1      | Dann the Djinni Hedge Wizard began the quest for the Orb.
     0 | D:1      | Reached XP level 1. HP: 15/15 MP: 0/0
    47 | D:1      | Reached XP level 2. HP: 7/21 MP: 0/0
   273 | D:1      | Found a faded altar of an unknown god.
   947 | D:1      | Reached skill level 3 in Spellcasting
   947 | D:1      | Reached XP level 3. HP: 13/25 MP: 0/0
   947 | D:1      | Learned a level 1 spell: Shock
  1345 | D:$      | Got out of the dungeon alive.

Illustrated notes

Levels and vault maps discovered:
D:1:      lightli_arrival_boilingwater, layout_rooms,
          ebering_ecumenical_altar_sacrificial, hangedman_decor_slide_cut,
          minivault_14, minivault_19, minmay_misc_feat_hallway,
          amcnicky_mini_rare_corridor_liquid

Skill      XL: |  1  2  3 |
---------------+----------+-----
Spellcasting   | 3 |  3.0
Stealth        | 2 |  2.0
Fighting       | |  0.1
Dodging        | |  2.2

Action                   || total
-------------------------++-------
Melee: Dagger            ||    37
 Cast: Magic Dart        ||    35
 Stab: Sleeping          ||     1
Armor: Robe              ||    10
Dodge: Dodged            ||    28
